 Dungeon Crawl Stone Soup version 0.24.1-14-gf8d2b509d9 (webtiles) character file.

Game seed: 12853903395850509294, levelgen mode: deterministic

49 mortelune the Changer (level 3, -1/31 HPs)
             Began as a Naga Transmuter on May 21, 2020.
             Slain by a quokka (3 damage)
             ... on level 2 of the Dungeon.
             The game lasted 00:03:24 (2669 turns).

mortelune the Changer (Naga Transmuter)             Turns: 2669, Time: 00:03:24

Health: -1/31      AC:  3    Str: 12    XL:     3   Next: 75%
Magic:  6/6        EV: 10    Int: 14    God:
Gold:   67         SH:  0    Dex: 11    Spells: 4/7 levels left

rFire    . . .     SeeInvis +     - Unarmed
rCold    . . .     Gourm    .   (no shield)
rNeg     . . .     Faith    .   b - +1 robe
rPois    +         Spirit   .   (no helmet)
rElec    .         Reflect  .   (no cloak)
rCorr    .         Harm     .   (no gloves)
MR       .....                  (no barding)
Stlth    +.........             (no amulet)
HPRegen  0.10/turn              (no ring)
MPRegen  0.10/turn              (no ring)

@: appendage (expiring), very slightly contaminated, very slow
A: large, horns 2, see invisible, deformed body, poison resistance, slowness 2,
slow metabolism 1, spit poison 1, AC +1
a: Spit Poison, End Transformation


You were on level 2 of the Dungeon.
You were hungry.
You had grown temporary horns.
You visited 1 branch of the dungeon, and saw 2 of its levels.

You collected 67 gold pieces.

Inventory:

Missiles
 Q - 8 arrows
Armour
 a - a +0 ring mail
 b - a +1 robe (worn)
Scrolls
 g - a scroll of amnesia
 i - 3 scrolls of identify
Comestibles
 d - 2 rations


   Skills:
 - Level 1.0 Fighting
 - Level 1.5 Dodging
 - Level 3.0 Unarmed Combat
 + Level 2.6 Spellcasting
 * Level 3.4 Transmutations


You had 4 spell levels left.
You knew the following spells:

 Your Spells              Type           Power        Failure   Level  Hunger
a - Beastly Appendage     Tmut           ##....       5%          1    #......
b - Sticks to Snakes      Tmut           ##......     9%          2    ###....

Your spell library contained the following spells:

 Spells                   Type           Power        Failure   Level  Hunger
 Spider Form              Tmut/Pois      #.........   32%         3    ###....
 Ice Form                 Ice/Tmut       #.......     73%         4    #####..
 Blade Hands              Tmut           ##........   83%         5    ######.


Dungeon Overview and Level Annotations

Branches:
Dungeon (2/15)

Altars:


Innate Abilities, Weirdness & Mutations

You cannot wear boots.
Your serpentine skin is tough. (AC +1)
You have supernaturally acute eyesight. (SInv)
Armour fits poorly on your strangely shaped body.
Your system is resistant to poisons. (rPois)
You cover ground very slowly.
You have a slow metabolism.
You can spit poison.
You have a pair of horns on your head.


Message History

You miss the quokka. Your headbutt misses the quokka. The hobgoblin hits you.
* * * LOW HITPOINT WARNING * * *
The quokka barely misses you. The kobold hits you.
* * * LOW HITPOINT WARNING * * *
It was a potion of magic.
Magic courses through your body. The quokka bites you.
* * * LOW HITPOINT WARNING * * *
The hobgoblin hits you but does no damage.
The kobold hits you.
* * * LOW HITPOINT WARNING * * *
You barely miss the kobold. Your headbutt misses the kobold.
Your transformation is almost over.
The quokka closely misses you. The hobgoblin barely misses you.
The kobold hits you but does no damage.
You hit the kobold but do no damage. Your headbutt misses the kobold.
The quokka bites you but does no damage.
The hobgoblin misses you. The kobold closely misses you.
You hit the kobold but do no damage. Your headbutt misses the kobold.
The quokka bites you.
You die...

.. #.K.#...###.#.# ..#
#.K##..## #.#.# #..#
#..##?.## #.#.# #r.#
...##..## #.#.# #..##.##..##
#.#.# #§.###§.## #.#.#
#§§#g§## #.## ####rKg## #...
#..##@## #### #..<###
#....## ###########
#.#...###.........#
#.##.......######.#
#.##.......######.###.
#.##...........÷......
#.##........#####÷####
#######.#...#...#.#........#


You could see a quokka, 2 hobgoblins and a kobold.

Vanquished Creatures
  2 adders (D:2)
  2 leopard geckos (D:1)
  A giant cockroach (D:1)
  3 goblins (D:1)
  4 hobgoblins
  2 jackals (D:1)
  2 kobolds (D:2)
  A ball python (D:1)
  5 bats
  4 rats
26 creatures vanquished.

Vanquished Creatures (collateral kills)
  A kobold (D:2)
1 creature vanquished.

Grand Total: 27 creatures vanquished

Notes
Turn   | Place    | Note
-------+----------+-------------------------------------------
     0 | D:1      | mortelune the Naga Transmuter began the quest for the Orb.
     0 | D:1      | Reached XP level 1. HP: 18/18 MP: 3/3
   969 | D:1      | Reached XP level 2. HP: 21/25 MP: 5/5
   978 | D:1      | Learned a level 2 spell: Sticks to Snakes
  2148 | D:2      | Reached XP level 3. HP: 27/31 MP: 6/6
  2669 | D:2      | Slain by a quokka

Levels and vault maps discovered:
D:1:      dpeg_arrival_erosion, layout_basic
D:2:      minmay_alternating_diamond, layout_basic

Skill      XL: |  1  2 |
---------------+-------+-----
Transmutations | 3 |  3.4
Fighting       | |  1.0
Dodging        | |  1.5
Unarmed Combat | |  3.0
Spellcasting   | |  2.6

Action                   || total
-------------------------++-------
Melee: Unarmed           ||   116
       Headbutt          ||     3
       Punch             ||     1
 Cast: Beastly Appendage ||     6
       Sticks to Snakes  ||     4
 Abil: Spit Poison       ||     1
  Use: Scroll            ||     4
       Potion            ||     1
  Eat: Chunk             ||     3
Armor: Robe              ||    31
Dodge: Dodged            ||   102
